 Dungeon Crawl Stone Soup version 0.29.1-13-g9f3cf754e1 (webtiles) character file.

Game seed: 8089751186254483834

65 KleinerIrrer the Gusty (level 4, -1/27 HPs)
             Began as an Octopode Air Elementalist on Feb 4, 2023.
             Killed from afar by Sigmund (10 damage)
             ... with a puff of flame
             ... on level 2 of the Dungeon.
             The game lasted 00:04:56 (1634 turns).

KleinerIrrer the Gusty (Octopode Air Elementalist)  Turns: 1634, Time: 00:04:56

Health: -1/27      AC:  1    Str:  9    XL:     4   Next: 13%
Magic:  8/8        EV: 13    Int: 23    God:
Gold:   34         SH:  0    Dex: 12    Spells: 7/8 levels left

rFire   . . .      SeeInvis .   (no weapon)
rCold   . . .      Faith    .   (no shield)
rNeg    . . .      Spirit   .   (helmet restricted)
rPois   .          Reflect  .   (no amulet)
rElec   .          Harm     .   e - +6 ring of intelligence
rCorr   .          Rampage  .   (no ring)
Will    .....                   (no ring)
Stlth   +++.......              (no ring)
HPRegen 0.09/turn               (no ring)
MPRegen 0.11/turn               (no ring)
                                (no ring)
                                (no ring)

@: flying
A: almost no armour, amphibious, 8 rings, camouflage 1, gelatinous body 1,
(nimble swimmer 1), tentacles
a: no special abilities


You were on level 2 of the Dungeon.
You visited 1 branch of the dungeon, and saw 2 of its levels.

You collected 34 gold pieces.

Inventory:

Missiles
 i - 6 silver javelins
Jewellery
 e - a +6 ring of intelligence (left tentacle)
 h - a ring of magical power
Scrolls
 b - a scroll of teleportation {unknown}
 d - 2 scrolls of immolation {unknown}
 f - a scroll of torment {unknown}
 g - a scroll of acquirement {unknown}
Potions
 a - a potion of magic


   Skills:
 - Level 2.0 Dodging
 - Level 2.6 Stealth
 + Level 0.6 Unarmed Combat
 - Level 2.8 Spellcasting
 - Level 1.0 Conjurations
 - Level 4.2 Air Magic


You had 7 spell levels left.
You knew the following spells:

 Your Spells              Type           Power      Damage    Failure   Level
a - Shock                 Conj/Air       60%        1d6       4%          1

Your spell library contained the following spells:

 Spells                   Type           Power      Damage    Failure   Level
 Static Discharge         Conj/Air       15%        3-5/arc   6%          2
 Swiftness                Air            22%        N/A       6%          3
 Airstrike                Air            11%        2d(2-18)  22%         4
 Ozocubu's Armour         Ice            3%         N/A       34%         3
 Summon Ice Beast         Ice/Summ       3%         N/A       75%         4
 Metabolic Englaciation   Hex/Ice        1%         N/A       97%         5
 Summon Mana Viper        Hex/Summ       3%         N/A       97%         5
 Simulacrum               Ice/Necr       1%         N/A       100%        6
 Monstrous Menagerie      Summ           1%         N/A       100%        7


Dungeon Overview and Level Annotations

Branches:
Dungeon (2/15)

Altars:

Annotations:
D:2 Sigmund


Innate Abilities, Weirdness & Mutations

You cannot wear most types of armour.
You are amphibious.
You can wear up to eight rings at the same time.
Your skin changes colour to match your surroundings (Stealth+).
Your rubbery body absorbs attacks. (AC +1, EV +1)
((You are camouflaged when in or above water. (Stealth+)))
You have tentacles for arms and can constrict up to eight enemies at once.


Message History

* * * LOW HITPOINT WARNING * * *
A magic dart appears from out of thin air!
The magic dart hits you.
* * * LOW HITPOINT WARNING * * *
It was a potion of ambrosia.
You are more confused.
You feel invigorated. The bat hits you but does no damage.
It was a potion of flight.
You feel very buoyant.
You fly up into the air.
The bat completely misses you.
A magic dart appears from out of thin air!
The magic dart hits you!
* * * LOW HITPOINT WARNING * * *
Okay, then.
You are too confused!
You are too confused!
Okay, then.
You're too confused to cast spells.
You bump into the rock wall.
The bat hits you but does no damage. The bat attacks as you move away!
The bat hits you.
* * * LOW HITPOINT WARNING * * *
The bat hits you. x2
* * * LOW HITPOINT WARNING * * *
The bat attacks as you move away! The bat hits you.
* * * LOW HITPOINT WARNING * * *
You feel less invigorated. The bat hits you. The bat attacks as you move away!
The bat closely misses you. The bat barely misses you. The bat misses you.
You barely miss the bat.
Your tentacle-slap misses the bat.
Your squeeze misses the bat. The bat hits you. The bat completely misses you.
The bat hits you. The bat attacks as you move away! The bat misses you.
The bat closely misses you.
You feel less confused. The bat hits you but does no damage.
The bat closely misses you. The bat barely misses you.
A puff of flame appears from out of thin air!
The puff of flame hits you!
You die...

#.....###........# #########
#.....#...........
#...#...###...............#.
....'.....'.................
..#.#...###.......).........
#.#...# #.................
#.#...# #................. . #
#.#..{#########........... ..
#.#.#......@....+...........
#.#.#.#....########...........
.#.............[.# ####.##'##..
.........##......### #.##.##..
...................# #.##..#..
†......#.##......#.####.###....
.......#.........+..)..........
.......####......#.####.#######
####### ########.# #.#######


There were no monsters in sight!

Vanquished Creatures
  An adder (D:2)
  A worm (D:2)
  4 dart slugs
  8 endoplasms
  6 hobgoblins
  2 kobolds
  2 quokkas
  4 ball pythons
  3 bats
  2 frilled lizards (D:1)
  5 goblins
  2 rats (D:2)
40 creatures vanquished.

Notes
Turn   | Place    | Note
-------+----------+-------------------------------------------
     0 | D:1      | KleinerIrrer the Octopode Air Elementalist began the quest
                  | for the Orb.
     0 | D:1      | Reached XP level 1. HP: 11/11 MP: 3/3
   223 | D:1      | Found a faded altar of an unknown god.
   272 | D:1      | Reached XP level 2. HP: 17/17 MP: 3/5
   638 | D:1      | Reached XP level 3. HP: 20/21 MP: 4/6
  1014 | D:2      | Reached skill level 4 in Air Magic
  1241 | D:2      | Reached XP level 4. HP: 12/27 MP: 2/8
  1582 | D:2      | Noticed Sigmund
  1634 | D:2      | Killed from afar by Sigmund

Illustrated notes

Levels and vault maps discovered:
D:1:      minmay_arrival_semitransparent, layout_basic,
          ebering_ecumenical_altar_rust, serial_bayou_pond_e, minmay_tromino_v2
D:2:      minmay_recursive_quarters, layout_basic, serial_shops,
          nicolae_shop_statue_plus, uniq_sigmund, uniq_terence

Skill      XL: |  1  2  3 |
---------------+----------+-----
Air Magic      | 4 |  4.2
Dodging        | |  2.0
Stealth        | |  2.6
Unarmed Combat | |  0.6
Spellcasting   | |  2.8
Conjurations   | |  1.0

Action                   |  1- 3 |  4- 6 || total
-------------------------+-------+-------++-------
Melee: Unarmed           |    37 |     3 ||    40
       Tentacles         |    15 |       ||    15
       Constrict         |     8 |       ||     8
 Cast: Shock             |    47 |    13 ||    60
  Use: Potion            |       |     2 ||     2
 Stab: Sleeping          |     2 |       ||     2
Armor: Skin              |     5 |     8 ||    13
Dodge: Dodged            |    30 |    29 ||    59
